 Dungeon Crawl Stone Soup version 0.28.0-53-g5a82cb258f (webtiles) character file.

Game seed: 8716180887980632169

63 firemarshallily the Slasher (level 3, -5/29 HPs)
             Began as a Demonspawn Gladiator on June 10, 2022.
             Was an Initiate of Gozag.
             Slain by Natasha (6 damage)
             ... on level 2 of the Dungeon.
             The game lasted 00:05:22 (1944 turns).

firemarshallily the Slasher (Demonspawn Gladiator)  Turns: 1944, Time: 00:05:22

Health: -5/29      AC:  6    Str: 16    XL:     3   Next: 89%
Magic:  3/3        EV: 12    Int:  9    God:    Gozag
Gold:   119        SH:  0    Dex: 14    Spells: 2/2 levels left

rFire   . . .      SeeInvis .   a - +0 long sword
rCold   . . .      Faith    .   (no shield)
rNeg    . . .      Spirit   .   b - +0 leather armour
rPois   .          Reflect  .   c - +0 helmet
rElec   .          Harm     .   (no cloak)
rCorr   .          Rampage  .   l - +0 pair of gloves
Will    .....                   (no boots)
Stlth   +.........              (no amulet)
HPRegen 0.09/turn               (no ring)
MPRegen 0.08/turn               (no ring)

@: slowed, very slow
A: powered by pain 1, sharp scales 1
a: Renounce Religion, Potion Petition, Call Merchant, Bribe Branch


You were on level 2 of the Dungeon.
You worshipped Gozag.
Gozag was aware of your devotion.
You visited 1 branch of the dungeon, and saw 2 of its levels.

You collected 119 gold pieces.

Inventory:

Hand Weapons
 a - a +0 long sword (weapon)
Missiles
 d - 3 throwing nets (quivered)
 g - 81 stones
 h - 26 sling bullets
Armour
 b - a +0 leather armour (worn)
 c - a +0 helmet (worn)
 f - a +0 ring mail
 l - a +0 pair of gloves (worn)
Jewellery
 e - an amulet of regeneration
Scrolls
 k - a scroll of enchant armour {unknown}
Potions
 i - 2 potions of heal wounds
 j - 2 potions of might


   Skills:
 * Level 3.0 Fighting
 * Level 3.4 Long Blades
 - Level 2.0 Throwing
 + Level 0.4 Armour
 - Level 3.0 Dodging


You had 2 spell levels left.
You didn't know any spells.
Your spell library contained the following spells:

 Spells                   Type           Power      Damage    Failure   Level
 Sublimation of Blood     Necr           0%         N/A       58%         2
 Petrify                  Tmut/Erth      0%         N/A       99%         4
 Irradiate                Conj/Tmut      0%         3d13      100%        5


Dungeon Overview and Level Annotations

Branches:
Dungeon (2/15)

Altars:
Gozag

Annotations:
D:2 Natasha


Innate Abilities, Weirdness & Mutations

You sometimes gain a little power by taking damage.
You are partially covered in razor-sharp scales. (AC +1, Slay +1)


Message History

You see here a +0 pair of gloves.
l - a +0 pair of gloves You start putting on your armour.
You continue putting on your +0 pair of gloves. x4
You finish putting on your +0 pair of gloves.
Natasha, Servant of Life and Death comes into view.
Natasha hisses angrily.
You hit Natasha.
Natasha is lightly wounded.
Natasha hisses.
Natasha claws you.
You closely miss Natasha.
Natasha is lightly wounded.
Natasha casts a spell at you. The magic dart hits you.
Natasha stares at you and mumbles some strange words.
You feel yourself slow down.
You closely miss Natasha.
Natasha is lightly wounded.
Natasha misses you.
You hit Natasha but do no damage.
Natasha is lightly wounded.
Natasha mumbles some strange words. x2
You hit Natasha.
Natasha is lightly wounded.
Natasha claws you. The white imp barely misses you. The crimson imp misses you.
Natasha stares at you and mumbles some strange words.
The magic dart hits you.
You slash Natasha!
Natasha is severely wounded.
The crimson imp misses you. The white imp gestures at you.
The puff of frost hits you! Natasha claws you!
* * * LOW HITPOINT WARNING * * *
The white imp disappears for a moment.
The white imp closely misses you.
The crimson imp hits you but does no damage.
Natasha claws you.
You die...
Your body crumbles into a pile of gold.

##.....
...####..<...
......'...... ###
...####...... #..
... ##..... #.# #.#
##.... #.##.. ##...
#5#.# ## .# ##'#
#5@# #. .# #.#
#.#h#. .# #.# #.##.#
.# ##.#
##.##.####.######...
#...................
#.###.###.#######...
#.# #..............#
#.# #####.#.#.###..#
###.#######.#
#......#


You could see Natasha, a crimson imp (summoned) and a white imp (summoned).

Vanquished Creatures
  Natasha (D:2)
  A worm (D:2)
  2 dart slugs (D:1)
  4 ball pythons
  3 bats (D:1)
  3 endoplasms (D:1)
  A giant cockroach (D:2)
  A goblin (D:1)
  2 hobgoblins
  3 jackals (D:1)
  3 kobolds (D:1)
  3 quokkas
  A frilled lizard (D:1)
  A rat (D:1)
29 creatures vanquished.

Notes
Turn   | Place    | Note
-------+----------+-------------------------------------------
     0 | D:1      | firemarshallily the Demonspawn Gladiator began the quest
                  | for the Orb.
     0 | D:1      | Reached XP level 1. HP: 16/16 MP: 1/1
   508 | D:1      | Gained mutation: You are partially covered in razor-sharp
                  | scales. (AC +1, Slay +1) [demonic ancestry]
   508 | D:1      | Reached XP level 2. HP: 22/22 MP: 2/2
  1282 | D:1      | Gained mutation: You sometimes gain a little power by
                  | taking damage. [demonic ancestry]
  1282 | D:1      | Reached XP level 3. HP: 23/28 MP: 3/3
  1388 | D:2      | Found a faded altar of an unknown god.
  1413 | D:2      | Prayed at the altar of an unknown god.
  1413 | D:2      | Became a worshipper of Gozag Ym Sagoz the Greedy
  1705 | D:2      | Noticed Natasha
  1715 | D:2      | Killed Natasha
  1937 | D:2      | Noticed Natasha
  1944 | D:2      | HP: 1/29 [Natasha (8)]
  1944 | D:2      | Slain by Natasha

Illustrated notes

Levels and vault maps discovered:
D:1:      erik_arrival_cave_to_civilisation [erik_arrival_cave_to_temple],
          layout_basic
D:2:      layout_loops_corners, ebering_ecumenical_altar_box,
          serial_bayou_ford_a, uniq_natasha

Skill      XL: |  1  2  3 |
---------------+----------+-----
Long Blades    | 3 |  3.4
Throwing       | 2 |  2.0
Fighting       | 3 |  3.0
Dodging        | 3 |  3.0
Armour         | |  0.4

Action                   || total
-------------------------++-------
Melee: Long sword        ||    98
       Punch             ||     1
  Use: Scroll            ||     2
Armor: Leather armour    ||    34
Dodge: Dodged            ||    68
